 Dungeon Crawl Stone Soup version 0.24.1-14-gf8d2b509d9 (webtiles) character file.

Game seed: 12203364462925347274, levelgen mode: deterministic

8 MenacingMecha the Grave Robber (level 2, -2/19 (20) HPs)
             Began as a Ghoul Necromancer on May 24, 2020.
             Slain by a hobgoblin (4 damage)
             ... on level 1 of the Dungeon.
             The game lasted 00:02:56 (568 turns).

MenacingMecha the Grave Robber (Ghoul Necromancer)   Turns: 568, Time: 00:02:56

HP:   -2/19 (20)    AC:  2    Str: 11    XL:     2   Next: 8%
MP:   3/3           EV: 12    Int: 10    God:
Gold: 10            SH:  0    Dex:  9    Spells: 2/4 levels left

rFire    . . .     SeeInvis .     - Unarmed
rCold    + . .     Gourm    .   (no shield)
rNeg     + + +     Faith    .   a - +0 robe
rPois    ∞         Spirit   .   (no helmet)
rElec    .         Reflect  .   (no cloak)
rCorr    .         Harm     .   (no gloves)
MR       .....                  (no boots)
Stlth    ++........             (no amulet)
HPRegen  0.00/turn              (no ring)
MPRegen  0.08/turn              (no ring)

@: rotting
A: rotting body, claws 1, carnivore, cold resistance 1, negative energy
resistance 3, inhibited regeneration, torment resistance, unbreathing
a: no special abilities


You were on level 1 of the Dungeon.
You were not hungry.

You visited 1 branch of the dungeon, and saw 1 of its levels.

You collected 10 gold pieces.

Inventory:

Armour
 a - a +0 robe (worn)
Scrolls
 d - a scroll of enchant weapon {unknown}
 f - a scroll of teleportation {unknown}
Potions
 b - a potion of degeneration {unknown}
 e - a potion of curing {unknown}
 g - 2 potions of lignification {unknown}
Comestibles
 c - a ration


   Skills:
 + Level 2.0 Dodging
 + Level 2.4 Stealth
 * Level 1.2 Unarmed Combat
 - Level 1.7 Spellcasting
 - Level 4.0 Necromancy


You had 2 spell levels left.
You knew the following spells:

 Your Spells              Type           Power        Failure   Level  Hunger
a - Pain                  Necr           #...         6%          1    ##.....
b - Animate Skeleton      Necr           N/A          6%          1    ##.....

Your spell library contained the following spells:

 Spells                   Type           Power        Failure   Level  Hunger
 Vampiric Draining        Necr           #.........   19%         3    ####...
 Regeneration             Chrm/Necr      #.........   38%         3    ####...
 Animate Dead             Necr           N/A          52%         4    #####..


Dungeon Overview and Level Annotations

Branches:
Dungeon (1/15)

Altars:


Innate Abilities, Weirdness & Mutations

Your body is rotting away.
You thrive on raw meat.
You are immune to poison.
You have sharp fingernails.
You are carnivorous and can eat meat at any time.
Your flesh is cold resistant. (rC+)
You are immune to negative energy. (rN+++)
You do not regenerate when monsters are visible.
You are immune to unholy pain and torment.
You can survive without breathing.


Message History

The kobold shouts!
You scratch the leopard gecko.
You kill the leopard gecko!
Your Dodging skill increases to level 2!
You have reached level 2!
A frilled lizard comes into view.
The frilled lizard hisses angrily.
The hobgoblin barely misses you.
A rat comes into view.
The hobgoblin completely misses you. The hobgoblin barely misses you.
You closely miss the hobgoblin. The hobgoblin hits you.
* * * LOW HITPOINT WARNING * * *
You scratch the hobgoblin but do no damage.
You closely miss the hobgoblin. The hobgoblin barely misses you.
You closely miss the hobgoblin. The hobgoblin barely misses you.
The hobgoblin barely misses you.
You see here a goblin corpse.
The hobgoblin hits you.
You die...

..## #.# #### ...######.#
..# ..........#
##############.## ##
...########
#............#..###. .[.#
########.##########.#...#.#
##.# #......#.#
#....g...†..#.#
##.####.####.#.##
#g#####.#.##.## #...†...#
#....###.# #.#..###
##.###### ##.###@##.#
#.#### ### #.## ##g#.# #.#
#.# #...# #.# #.##
##.#######.#
##.###..........#
##...######### #####


You could see a hobgoblin.

Vanquished Creatures
  2 leopard geckos (D:1)
  2 goblins (D:1)
  A kobold (D:1)
5 creatures vanquished.

Notes
Turn   | Place    | Note
-------+----------+-------------------------------------------
     0 | D:1      | MenacingMecha the Ghoul Necromancer began the quest for the
                  | Orb.
     0 | D:1      | Reached XP level 1. HP: 14/14 MP: 2/2
     2 | D:1      | Learned a level 1 spell: Animate Skeleton
   456 | D:1      | Reached skill level 1 in Unarmed Combat
   505 | D:1      | Reached XP level 2. HP: 5/19 MP: 3/3
   568 | D:1      | Slain by a hobgoblin

Levels and vault maps discovered:
D:1:      evilmike_arrival_crescent, layout_loops_ring, grunt_decor_resistance

Skill      XL: |  1 |
---------------+----+-----
Unarmed Combat | 1 |  1.2
Dodging        | 2 |  2.0
Stealth        | |  2.4
Spellcasting   | |  1.7
Necromancy     | |  4.0

Action                   || total
-------------------------++-------
Melee: Unarmed           ||    24
Armor: Robe              ||     1
Dodge: Dodged            ||    15
